 Dungeon Crawl Stone Soup version 0.29-a0-320-g9f8742066b (webtiles) character file.

Game seed: 1418440170010602651

49 Psyclone the Chiller (level 3, -2/19 HPs)
             Began as a Deep Elf Ice Elementalist on Apr 2, 2022.
             Slain by a hobgoblin
             ... wielding a +0 short sword
              (5 damage)
             ... on level 2 of the Dungeon.
             The game lasted 00:02:01 (970 turns).

Psyclone the Chiller (Deep Elf Ice Elementalist)     Turns: 970, Time: 00:02:02

Health: -2/19      AC:  2    Str:  5    XL:     3   Next: 51%
Magic:  9/10       EV: 12    Int: 21    God:
Gold:   87         SH:  0    Dex: 15    Spells: 9/10 levels left

rFire   . . .      SeeInvis .   a - +0 dagger
rCold   . . .      Faith    .   (no shield)
rNeg    . . .      Spirit   .   d - +0 robe
rPois   .          Reflect  .   (no helmet)
rElec   .          Harm     .   (no cloak)
rCorr   .          Rampage  .   (no gloves)
Will    .....                   (no boots)
Stlth   ++........              (no amulet)
HPRegen 0.06/turn               (no ring)
MPRegen 0.12/turn               (no ring)

@: no status effects
A: no striking features
a: no special abilities


You were on level 2 of the Dungeon.
You visited 1 branch of the dungeon, and saw 2 of its levels.

You collected 87 gold pieces.

Inventory:

Hand Weapons
 a - a +0 dagger (weapon)
Armour
 d - a +0 robe (worn)
 k - a +2 pair of boots
Scrolls
 c - a scroll of identify {unknown}
 g - a scroll of fog {unknown}
 h - a scroll of silence {unknown}
 j - a scroll of teleportation {unknown}
Potions
 b - a potion of magic
 e - a potion of haste {unknown}
 f - a potion of resistance {unknown}
 i - 2 potions of brilliance {unknown}


   Skills:
 - Level 2.4 Dodging
 - Level 2.4 Stealth
 + Level 4.3 Spellcasting
 + Level 5.1 Ice Magic


You had 9 spell levels left.
You knew the following spells:

 Your Spells              Type           Power      Damage    Failure   Level
a - Freeze                Ice            100%       1d11      1%          1

Your spell library contained the following spells:

 Spells                   Type           Power      Damage    Failure   Level
 Frozen Ramparts          Ice            52%        1d7       4%          3
 Ozocubu's Armour         Ice            26%        N/A       4%          3
 Portal Projectile        Hex/Tloc       8%         N/A       34%         3
 Hailstorm                Conj/Ice       15%        3d5       36%         4
 Blade Hands              Tmut           2%         N/A       97%         5
 Excruciating Wounds      Necr           2%         N/A       97%         5


Dungeon Overview and Level Annotations

Branches:
Dungeon (2/15)

Altars:

Shops:
D:1 [


Message History

Aiming: Freeze (safe; 1% risk of failure)
Press: ? - help, Shift-Dir - straight line, f/p - worm
Aim: a worm (moderately wounded)
You freeze the worm!
The worm is severely wounded.
The worm bites you but does no damage.
You now have 6/10 mp.
Casting: Freeze (safe; 1% risk of failure)
Confirm with . or Enter, or press ? or * to list all spells.
Aiming: Freeze (safe; 1% risk of failure)
Press: ? - help, Shift-Dir - straight line, f/p - worm
Aim: a worm (severely wounded)
You freeze the worm!
You kill the worm!
Casting: Freeze (safe; 1% risk of failure)
Confirm with . or Enter, or press ? or * to list all spells.
You can't see any susceptible monsters within range! (Use Z to cast anyway.) Unknown command.
You start resting.
A hobgoblin comes into view. It is wielding a +0 short sword.
You regained 3 mp, and now have 9/10 mp.
A hobgoblin is nearby!
You see here a rat corpse.
An endoplasm comes into view.
The hobgoblin shouts!
The hound barks!
The endoplasm quivers.
You hear a bark!
A rat comes into view.
A hound comes into view.
The hobgoblin hits you with a +0 short sword.
You take 6 damage, and have 13/19 hp.
MASSIVE DAMAGE!!
The hobgoblin hits you with a +0 short sword!
* * * LOW HITPOINT WARNING * * *
You take 8 damage, and have 5/19 hp.
MASSIVE DAMAGE!!
The hobgoblin attacks as you move away!
The hobgoblin hits you with a +0 short sword.
* * * LOW HITPOINT WARNING * * *
You take 2 damage, and have 3/19 hp.
The hobgoblin attacks as you move away!
The hobgoblin hits you with a +0 short sword.
You die...

.....†..#####.#..######.
....##...####.##........
..#.##..................
.<#.########........###.
..#>. #.#.......... ..##.#
...#...###...# ... ..
#.###.....###.. #.# ... #
#...#.## ## #.# ..
#.g@†..##### #.#
##..###.h........# #.#
..h......###.###.# .
.....J#..# #.# #.### #..
##.r.....###†# #...# ...#
#..##.....#..#####†##..###
... ####..................
..#l## ##.........).....##
......##..#.............#


You could see a hound, an endoplasm, a hobgoblin and a rat.

Vanquished Creatures
  2 adders (D:2)
  A worm (D:2)
  2 dart slugs (D:1)
  3 bats
  3 endoplasms
  3 giant cockroaches
  A hobgoblin (D:2)
  A ball python (D:1)
  3 frilled lizards
  3 kobolds
  5 rats
27 creatures vanquished.

Notes
Turn   | Place    | Note
-------+----------+-------------------------------------------
     0 | D:1      | Psyclone the Deep Elf Ice Elementalist began the quest for
                  | the Orb.
     0 | D:1      | Reached XP level 1. HP: 10/10 MP: 6/6
    72 | D:1      | Found Ubba's Antique Armour Boutique.
   218 | D:1      | Reached XP level 2. HP: 9/15 MP: 3/8
   359 | D:1      | Found a faded altar of an unknown god.
   801 | D:2      | Reached skill level 5 in Ice Magic
   801 | D:2      | Reached XP level 3. HP: 18/19 MP: 6/10
   970 | D:2      | Slain by a hobgoblin

Illustrated notes

Levels and vault maps discovered:
D:1:      minmay_arrival_shattered_statue, layout_rooms,
          shapermc_ecumenical_altar_starsandcircs, serial_shops, shop_fountains
D:2:      layout_rooms, minmay_vboxes

Skill      XL: |  1  2 |
---------------+-------+-----
Spellcasting   | 4 |  4.3
Ice Magic      | 5 |  5.1
Dodging        | |  2.4
Stealth        | |  2.4

Action                   || total
-------------------------++-------
Melee: Dagger            ||     4
 Cast: Freeze            ||    37
 Stab: Sleeping          ||     2
Armor: Robe              ||     6
Dodge: Dodged            ||    17

Table legend: (Time is in decaauts)
 A = Elapsed time spent in this place.
 B = Non-inter-level travel time spent in this place.
 C = Inter-level travel time spent in this place.
 D = Time resting spent in this place.
 E = Time spent auto-exploring this place.
 F = Levels seen in this place.
 G = Mean time per level.
                   A        B        C        D        E       F      G
               +--------+--------+--------+--------+--------+-----+--------+
         Total |    970 |    941 |     29 |     46 |    695 |   2 |  485.0 |
       Dungeon |    970 |    941 |     29 |     46 |    695 |   2 |  485.0 |
               +--------+--------+--------+--------+--------+-----+--------+

Top non-repeatable levels by time:
     D:1: 726 daAuts
     D:2: 243 daAuts
